AoeStats
← Shane-Saw FR

MegaRandom

510052094Analyzed
4v4 RM · 2d ago on Sep 29, 2026· 21m 39s· 8 players
Game mode
Random Map
Map size
Large (8 player)
Population
200
Speed
Normal
Resources
Standard
Victory
Conquest
Starting age
Dark Age
Ending age
Imperial Age
RankedLock teamsTeams togetherTeam positionsShared explorationLock speedFull tech treeHidden civsTurbo modeCheats
Victory
Defeat
🇮🇱 Turks · Israel
1270
+10
🇨🇳 Khmer · China
1261
+11
🇫🇷 Ethiopians · France
1253
+11
🇩🇪 Mapuche · Germany
1200
+14
🇨🇳 Danes · China
1171
-12
🇨🇳 Bulgarians · China
1156
-12
🇭🇰 Varangians · Hong Kong SAR China
1126
-11
🇵🇪 Magyars · Peru
1120
-11
venOm
11:53 Feudal Age
15:46 Castle Age
14:42 Double-Bit Axe
15:39 Fletching
17:23 Bodkin Arrow
Shane-Saw FR
12:29 Feudal Age
11:29 Loom
14:15 Town Watch
18:38 Castle Age
16:59 Forging
20:21 Gold Mining
22:50 Wheelbarrow
Mike
4:17 Loom
15:13 Feudal Age
19:09 Castle Age
17:55 Double-Bit Axe
18:14 Horse Collar
20:34 Bow Saw
20:57 Scale Barding Armor
国产男子汉
肥肥猫
JohTo
JK_TheBest
4:02 Loom
11:58 Feudal Age
16:54 Bloodlines
17:51 Scale Barding Armor
24:14 Castle Age
mangudai
Connection lost

Rejoining the realm…

Still unreachable

The connection could not be restored.

Session expired

The server has moved on; the page needs a fresh start.